AoeStats
← Comend x comend

Nomad

508156689Analyzed
4v4 RM · 10d ago on Sep 21, 2026· 48m 20s· 8 players
Game mode
Random Map
Map size
231×231
Population
200
Speed
Normal
Resources
Standard
Victory
Conquest
Starting age
Dark Age
Ending age
Imperial Age
RankedLock teamsTeams togetherTeam positionsShared explorationLock speedFull tech treeHidden civsTurbo modeCheats
Victory
Defeat
🇲🇽 Italians · Mexico
1397
+13
🇵🇪 Malay · Peru
1348
+15
🇨🇳 Huns · China
1345
+15
🇫🇷 Japanese · France
1288
+18
🇻🇳 Mapuche · Vietnam
1435
-19
🇻🇳 Wei · Vietnam
1336
-16
🇺🇸 Georgians · United States
1279
-13
🇨🇦 Goths · Canada
1269
-13
Cryptomage
7:52 Loom
13:38 Feudal Age
14:33 Double-Bit Axe
16:31 Fishing Lines
25:52 Castle Age
36:38 Horse Collar
38:10 Fletching
37:42 Elite Skirmisher
43:33 Imperial Age
42:43 Gold Mining
44:20 Wheelbarrow
43:31 Town Watch
44:08 Elite Samurai
45:48 Kataparuto
47:07 Scale Mail Armor
47:17 Forging
Ziton127
13:13 Feudal Age
17:25 Castle Age
15:57 Stone Mining
15:57 Loom
17:18 Double-Bit Axe
19:11 Fletching
27:39 Bodkin Arrow
35:01 Horse Collar
35:50 Padded Archer Armor
44:34 Imperial Age
42:52 Gold Mining
45:00 Ballistics
45:40 Conscription
46:26 Chemistry
46:10 Treadmill Crane
48:30 Bow Saw
Comend x comend
4:29 Loom
13:03 Feudal Age
16:56 Castle Age
15:56 Double-Bit Axe
23:54 Wheelbarrow
23:25 Stone Mining
25:57 Stone Shaft Mining
29:05 Hand Cart
33:56 Imperial Age
34:02 Conscription
34:00 Elite Battle Elephant
34:41 Husbandry
34:57 Forging
34:53 Scale Barding Armor
36:26 Iron Casting
38:35 Blast Furnace
38:31 Bow Saw
47:59 Horse Collar
自娱自乐
13:21 Feudal Age
11:39 Loom
14:09 Double-Bit Axe
19:06 Castle Age
17:28 Horse Collar
21:13 Bow Saw
25:17 Heavy Plow
25:10 Gold Mining
26:27 Town Watch
27:18 Wheelbarrow
31:34 Imperial Age
29:12 Scale Barding Armor
29:59 Gold Shaft Mining
29:29 Marauders
30:30 Chain Barding Armor
30:21 Forging
31:48 Hand Cart
31:50 Bloodlines
31:41 Husbandry
32:21 Elite Tarkan
33:22 Conscription
33:50 Plate Barding Armor
34:27 Iron Casting
38:36 Blast Furnace
37:27 Fletching
39:20 Coinage
41:28 Bodkin Arrow
41:34 Padded Archer Armor
43:28 Town Patrol
49:06 Banking
Loki_GT
3:28 Loom
15:05 Feudal Age
17:11 Man-at-Arms
17:52 Scale Mail Armor
18:03 Forging
20:15 Castle Age
22:45 Medium Warships
23:03 Double-Bit Axe
27:46 Bow Saw
28:19 Wheelbarrow
27:58 Pikeman
29:16 Squires
30:15 Hand Cart
30:58 Stone Mining
31:01 Gold Mining
35:43 Imperial Age
33:20 Horse Collar
34:00 Chain Mail Armor
34:52 Long Swordsman
36:30 Halberdier
38:07 Iron Casting
38:22 Conscription
Dragón-Malo
10:08 Loom
14:47 Feudal Age
15:37 Double-Bit Axe
21:06 Castle Age
20:46 Town Watch
20:53 Gold Mining
20:45 Horse Collar
21:19 Fishing Lines
22:16 Fletching
22:40 Town Patrol
23:18 Wheelbarrow
23:35 Bodkin Arrow
25:15 Hand Cart
24:54 Stone Mining
25:18 Gillnets
26:55 Heavy Plow
29:00 Bow Saw
29:29 Stone Shaft Mining
30:26 Svan Towers
32:13 Murder Holes
32:09 Guard Tower
35:51 Imperial Age
34:31 Masonry
34:44 Ballistics
34:05 Treadmill Crane
36:38 Bracer
37:15 Hoardings
37:02 Conscription
37:54 Chemistry
37:30 Scale Mail Armor
37:41 Forging
38:02 Pikeman
38:42 Squires
39:21 Arson
39:52 Chain Mail Armor
40:13 Iron Casting
40:33 Keep
40:34 Arrowslits
41:20 Architecture
Valodimer
6:48 Loom
14:41 Feudal Age
15:19 Double-Bit Axe
16:14 Gold Mining
17:59 Wheelbarrow
20:51 Castle Age
22:00 Fletching
23:43 Ballistics
29:26 Malon
30:03 Bodkin Arrow
31:15 Padded Archer Armor
36:20 Leather Archer Armor
8co
5:10 Loom
14:01 Feudal Age
14:40 Double-Bit Axe
16:14 Forging
22:11 Castle Age
21:11 Gold Mining
21:15 Stone Mining
23:48 Town Watch
24:59 Bow Saw
26:44 Medium Warships
Connection lost

Rejoining the realm…

Still unreachable

The connection could not be restored.

Session expired

The server has moved on; the page needs a fresh start.